 Dungeon Crawl Stone Soup version 0.27-a0-1084-g78b3836a5f (webtiles) character file.

Game seed: 14227194398968451125

2423 porpoise the Covert (level 9, -4/61 HPs)
             Began as an Octopode Earth Elementalist on Apr 27, 2021.
             Was a Follower of Vehumet.
             Slain by a killer bee (6 damage)
             ... on level 7 of the Dungeon.
             The game lasted 00:26:07 (8955 turns).

porpoise the Covert (Octopode Earth Elementalist)   Turns: 8955, Time: 00:26:08

Health: -4/61      AC:  1    Str:  7    XL:     9   Next: 48%
Magic:  16/16      EV: 14    Int: 20    God:    Vehumet [*.....]
Gold:   226        SH:  0    Dex: 13    Spells: 9/18 levels left

rFire    . . .     SeeInvis .   a - +0 short sword
rCold    . . .     Faith    .   (no shield)
rNeg     . . .     Spirit   .   (helmet restricted)
rPois    .         Reflect  .   y - amulet of magic regeneration
rElec    .         Harm     .   l - +4 ring of slaying
rCorr    .         Rampage  .   (no ring)
Will     .....                  (no ring)
Stlth    +++++.....             (no ring)
HPRegen  0.20/turn              (no ring)
MPRegen  0.40/turn              (no ring)
                                (no ring)
                                (no ring)

@: lethally poisoned (-4 -> -7)
A: almost no armour, amphibious, 8 rings, camouflage 1, gelatinous body 1,
(nimble swimmer 1), tentacles
a: Renounce Religion


You were on level 7 of the Dungeon.
You worshipped Vehumet.
Vehumet was aware of your devotion.
You visited 2 branches of the dungeon, and saw 8 of its levels.

You collected 226 gold pieces.

Inventory:

Hand Weapons
 a - a +0 short sword (weapon)
 b - a +0 hunting sling
Missiles
 m - 2 boomerangs (quivered)
 n - 12 bolts
 p - 29 poisoned darts
 s - 23 sling bullets
 x - 6 curare-tipped darts
Jewellery
 l - a +4 ring of slaying (left tentacle)
 y - an amulet of magic regeneration (around mantle)
Wands
 h - a wand of acid (4)
 v - a wand of digging (1)
 w - a wand of iceblast (17)
Scrolls
 f - a scroll of enchant armour
 g - a scroll of amnesia
 j - a scroll of immolation {unknown}
 o - a scroll of blinking
 q - a scroll of vulnerability
 r - a scroll of identify {unknown}
 B - a scroll of teleportation
Potions
 c - a potion of mutation {unknown}
 d - 4 potions of heal wounds {unknown}
 e - 2 potions of lignification {unknown}
 i - 2 potions of degeneration {unknown}
 k - a potion of might {unknown}
 t - a potion of invisibility {unknown}
 u - a potion of curing {unknown}
 z - a potion of ambrosia {unknown}
 A - a potion of berserk rage {unknown}


   Skills:
 - Level 5.0 Fighting
 - Level 5.0 Dodging
 + Level 8.6 Stealth
 - Level 5.0 Spellcasting
 - Level 5.0 Conjurations
 - Level 1.0 Transmutations
 * Level 5.3 Earth Magic
 * Level 0.8 Evocations


You had 9 spell levels left.
You knew the following spells:

 Your Spells              Type           Power      Damage    Failure   Level
a - Sandblast             Erth           52%        2d12      1%          1
c - Lee's Rapid Deconstr  Erth           13%        3d10*     34%         5
s - Stone Arrow           Conj/Erth      50%        3d10      4%          3

Your spell library contained the following spells:

 Spells                   Type           Power      Damage    Failure   Level
 Freeze                   Ice            20%        1d4       12%         1
 Shock                    Conj/Air       60%        1d6       4%          1
 Passwall                 Tmut/Erth      14%        N/A       4%          2
 Static Discharge         Conj/Air       15%        N/A       6%          2
 Corona                   Hex            5%         N/A       12%         1
 Dazzling Flash           Conj/Hex       30%        N/A       12%         3
 Ensorcelled Hibernation  Hex/Ice        10%        N/A       17%         2
 Petrify                  Tmut/Erth      17%        N/A       30%         4
 Confusing Touch          Hex            5%         N/A       34%         3
 Swiftness                Air            5%         N/A       34%         3
 Tukima's Dance           Hex            5%         N/A       34%         3
 Airstrike                Air            2%         N/A       75%         4
 Lightning Bolt           Conj/Air       7%         1d20      75%         5


Dungeon Overview and Level Annotations

Branches:
Dungeon (7/15)             Temple (1/1) D:4

Altars:
Elyvilon
Gozag
Kikubaaqudgha
Makhleb
Qazlal
Ru
Vehumet
Wu Jian
Xom
Zin
The Shining One

Shops:
D:5 (

Annotations:
D:6 3 runed translucent doors, SkiChan's ghost, novice MiFi


Innate Abilities, Weirdness & Mutations

You cannot wear most types of armour.
You are amphibious.
You can wear up to eight rings at the same time.
Your skin changes colour to match your surroundings (Stealth+).
Your rubbery body absorbs attacks. (AC +1, EV +1)
((You are camouflaged near water. (Stealth+)))
You have tentacles for arms and can constrict up to eight enemies at once.


Message History

3 killer bees come into view.
Found a stone staircase leading up.
A killer bee comes into view.
The killer bee buzzes angrily. x3
The killer bee misses you.
The killer bee buzzes angrily.
The killer bee stings you.
Casting: Stone Arrow (dangerous; 4% risk of failure)
Confirm with . or Enter, or press ? or * to list all spells.
Okay, then.
Unknown command.
Aiming: Corrosive Bolt
Press: ? - help, Shift-Dir - straight line, f - killer bee
Aim: a killer bee (43% to hit)
The bolt of acid hits the killer bee!
The killer bee is splashed with acid!
You kill the killer bee!
Vehumet accepts your kill.
The bolt of acid misses the killer bee.
The bolt of acid hits the killer bee.
The killer bee is splashed with acid.
The acid corrodes the killer bee!
The killer bee is severely wounded.
The bolt of acid misses the killer bee.
The killer bee stings you. The killer bee closely misses you.
The killer bee stings you!
You are poisoned.
The killer bee poisons you!
You feel sick. The killer bee stings you!
You are more poisoned.
The killer bee poisons you!
You feel very sick. The killer bee stings you.
The killer bee barely misses you.
You feel sick. The killer bee stings you. The killer bee barely misses you. x2
You feel sick. The killer bee closely misses you. The killer bee stings you.
The killer bee barely misses you. The killer bee misses you.
You feel sick. The killer bee completely misses you.
You feel sick. The killer bee closely misses you. The killer bee misses you.
You feel sick. The killer bee stings you!
* * * LOW HITPOINT WARNING * * *
The killer bee barely misses you. The killer bee stings you.
* * * LOW HITPOINT WARNING * * *
The killer bee stings you.
You die...

#..## ##...##
##.....# #......##
##.......#
#.......##
##[.......#
##.........#
##.....#
#yy@#......#
#......##
##.yy#......#
##.......#
#..y##......#
#........
##..###......#
#........##...#
###....#
........##...###
###.##
......y.##..#..##
###
......y†#.......#
.......#..........


You could see 5 killer bees.

Vanquished Creatures
  Sigmund (D:3)
  A water moccasin (D:6)
  2 sky beasts (D:6)
  An ice beast (D:6)
  2 black bears
  A necrophage (D:4)
  2 ogres
  A centaur (D:6)
  2 phantoms
  2 bullfrogs (D:6)
  A gnoll sergeant (D:6)
  A killer bee (D:7)
  A jelly (D:7)
  3 gnoll shamans
  4 hounds
  A bullfrog skeleton (D:5)
  Jessica (D:3)
  2 centaur skeletons
  3 iguanas
  2 orc wizards
  Natasha (twice) (D:3)
  8 adders
  26 gnolls
  2 shadow imps
  A white imp (D:6)
  An ufetubus (D:5)
  2 worms
  2 dart slugs
  17 orcs
  8 ball pythons
  6 bats
  8 endoplasms
  7 giant cockroaches
  4 goblins
  3 hobgoblins
  15 jackals
  3 kobolds
  7 quokkas
  3 frilled lizards
  3 rats
162 creatures vanquished.

Notes
Turn   | Place    | Note
-------+----------+-------------------------------------------
     0 | D:1      | porpoise the Octopode Earth Elementalist began the quest
                  | for the Orb.
     0 | D:1      | Reached XP level 1. HP: 11/11 MP: 3/3
   250 | D:1      | Reached XP level 2. HP: 11/17 MP: 3/5
   253 | D:1      | Reached skill level 3 in Stealth
  1510 | D:1      | Reached XP level 3. HP: 21/21 MP: 6/6
  1931 | D:2      | Reached XP level 4. HP: 27/27 MP: 8/8
  1950 | D:2      | Learned a level 3 spell: Stone Arrow
  2718 | D:3      | Noticed Sigmund
  2754 | D:3      | Killed Sigmund
  2755 | D:3      | Reached skill level 4 in Stealth
  2755 | D:3      | Reached XP level 5. HP: 25/31 MP: 3/10
  2755 | D:3      | Reached XP level 6. HP: 29/36 MP: 3/11
  3099 | D:3      | Reached skill level 5 in Earth Magic
  3241 | D:3      | Noticed Jessica
  3249 | D:3      | Killed Jessica
  3254 | D:3      | Noticed Natasha
  3262 | D:3      | Killed Natasha
  3270 | D:3      | Noticed Natasha
  3276 | D:3      | Killed Natasha
  3277 | D:3      | Reached skill level 5 in Stealth
  3502 | D:3      | Found a white marble altar of Elyvilon.
  3568 | D:3      | Found a faded altar of an unknown god.
  3835 | D:3      | Reached skill level 1 in Fighting
  3835 | D:3      | Reached XP level 7. HP: 43/43 MP: 9/13
  4296 | D:4      | Reached skill level 5 in Spellcasting
  4543 | D:4      | Found a staircase to the Ecumenical Temple.
  4552 | Temple   | Entered the Ecumenical Temple
  4568 | Temple   | Became a worshipper of Vehumet
  4690 | D:4      | Reached skill level 6 in Stealth
  4690 | D:4      | Reached skill level 1 in Conjurations
  4918 | D:4      | Reached XP level 8. HP: 34/52 MP: 12/15
  5736 | D:5      | Entered Level 5 of the Dungeon
  5744 | D:5      | Learned a level 5 spell: Lee's Rapid Deconstruction
  5787 | D:5      | Found an opulent altar of Gozag.
  5876 | D:5      | Found a glowing golden altar of the Shining One.
  5941 | D:5      | Reached * piety under Vehumet
  5941 | D:5      | Offered knowledge of Freeze by Vehumet.
  6106 | D:5      | Found Vitumy's Antique Weapon Emporium.
  6126 | D:5      | Found a glowing silver altar of Zin.
  6429 | D:5      | Reached skill level 7 in Stealth
  7108 | D:6      | Reached skill level 5 in Fighting
  7432 | D:6      | Reached skill level 5 in Conjurations
  7432 | D:6      | Reached XP level 9. HP: 19/61 MP: 7/16
  8078 | D:6      | Found a runed translucent gate.
  8078 | D:6      | Found a runed translucent gate.
  8078 | D:6      | Found a runed translucent gate.
  8098 | D:6      | Reached skill level 8 in Stealth
  8393 | D:6      | Reached skill level 5 in Dodging
  8743 | D:6      | Noticed SkiChan's ghost (novice MiFi)
  8955 | D:7      | HP: 2/61 [killer bee (6)]
  8955 | D:7      | Slain by a killer bee

Illustrated notes

Levels and vault maps discovered:
D:1:      minmay_arrival_three_doors, layout_loops_ring
D:2:      layout_rooms, kennysheep_cluttered_room
D:3:      wad_crossroads, layout_basic, lemuel_crystal_altar,
          hellmonk_ecumenical_altar_heavens_door, kennysheep_decorative_pillar,
          uniq_sigmund, uniq_jessica, uniq_natasha
D:4:      layout_loops_ring, minmay_temple_entry_junction_2, dk_vineyard_1,
          kennysheep_generic_room_4
D:5:      layout_basic, tso_metal_star,
          pdpol_temple_overflow_zin_treasury_gozag_greed, serial_shops,
          nicolae_shop_statue_plus, chequers_serial_rivers_micro_d
D:6:      layout_gridville, gammafunk_ghost_necromancy, minmay_misc_feat_alley
D:7:      layout_cave_pods, uniq_joseph
Temple:   zaba_magenta_temple

Skill      XL: |  1  2  3  4  5  6  7  8  9 |
---------------+----------------------------+-----
Stealth        | 3 4 5 6 7 8 |  8.6
Spellcasting   | 3 4 5 |  5.0
Earth Magic    | 4 5 |  5.3
Fighting       | 1 3 5 |  5.0
Conjurations   | 2 5 |  5.0
Dodging        | 5 |  5.0
Transmutations | |  1.0
Evocations     | |  0.8

Action                   |  1- 3 |  4- 6 |  7- 9 || total
-------------------------+-------+-------+-------++-------
Melee: Unarmed           |     9 |       |       ||     9
       Constrict         |    13 |    13 |    16 ||    42
       Tentacles         |     8 |     8 |    11 ||    27
       Short sword       |    44 |    71 |    73 ||   188
 Fire: Hunting sling     |       |       |   111 ||   111
Throw: Boomerang         |       |       |    12 ||    12
 Cast: Sandblast         |    11 |    29 |    59 ||    99
       Stone Arrow       |       |       |    30 ||    30
Evoke: Wand              |       |       |     1 ||     1
  Use: Scroll            |       |       |     6 ||     6
 Stab: Sleeping          |    10 |     9 |    10 ||    29
       Distracted        |       |       |     1 ||     1
Armor: Skin              |     4 |     6 |     3 ||    13
Dodge: Dodged            |    42 |    62 |    77 ||   181

Table legend: (Time is in decaauts)
 A = Elapsed time spent in this place.
 B = Non-inter-level travel time spent in this place.
 C = Inter-level travel time spent in this place.
 D = Time resting spent in this place.
 E = Time spent auto-exploring this place.
 F = Levels seen in this place.
 G = Mean time per level.
                   A        B        C        D        E       F      G
               +--------+--------+--------+--------+--------+-----+--------+
         Total |   8995 |   8844 |    151 |   3787 |   3845 |   8 | 1124.4 |
       Dungeon |   8974 |   8827 |    147 |   3787 |   3838 |   7 | 1282.0 |
        Temple |     20 |     16 |      4 |      0 |      7 |   1 |   20.0 |
               +--------+--------+--------+--------+--------+-----+--------+

Top non-repeatable levels by time:
     D:6: 1838 daAuts
     D:4: 1630 daAuts
     D:1: 1606 daAuts
     D:3: 1450 daAuts
     D:5: 1293 daAuts
     D:2: 1055 daAuts
     D:7: 101 daAuts
  Temple: 20 daAuts
